 Dungeon Crawl Stone Soup version 0.30-a0-341-g682706514a (webtiles) character file.

Game seed: 8085844115841336111

419 lunkers the Cutter (level 7, -1/57 HPs)
             Began as a Meteoran Fighter on Nov 1, 2022.
             Slain by Ijyb
             ... wielding a +0 club
              (3 damage)
             ... on level 3 of the Dungeon.
             The game lasted 00:03:31 (1103 turns).

lunkers the Cutter (Meteoran Fighter)               Turns: 1103, Time: 00:03:32

Health: -1/57      AC:  4    Str: 19    XL:     7   Next: 39%
Magic:  8/8        EV: 10    Int: 10    God:
Gold:   62         SH:  5    Dex: 14    Spells: 6/6 levels left

rFire   . . .      SeeInvis .    e - +3 short sword
rCold   . . .      Faith    .    c - +0 buckler
rNeg    . . .      Spirit   .    p - +2 robe {Will+}
rPois   .          Reflect  .    (no helmet)
rElec   .          Harm     .    (no cloak)
rCorr   .          Rampage  .    (no gloves)
Will    +....                    (no boots)
Stlth   +.........               (no amulet)
HPRegen 0.29/turn                (no ring)
MPRegen 0.11/turn                (no ring)

@: glowing
A: sense surroundings 1, otherworldly, glowing, explore regen
a: no special abilities


You were on level 3 of the Dungeon.
You visited 1 branch of the dungeon, and saw 3 of its levels.

You collected 62 gold pieces.

Inventory:

Hand Weapons
 a - a +0 rapier
 e - a +3 short sword (weapon)
Missiles
 n - 2 stones (quivered)
 q - 4 silver javelins
Armour
 b - a +0 scale mail
 c - a +0 buckler (worn)
 p - a +2 robe of willpower (worn)
Scrolls
 f - a scroll of teleportation
 h - a scroll of magic mapping {unknown}
 j - a scroll of brand weapon {unknown}
 m - a scroll of blinking {unknown}
 o - a scroll of enchant armour {unknown}
Potions
 i - a potion of mutation {unknown}
 k - a potion of invisibility {unknown}
 l - a potion of brilliance {unknown}


   Skills:
 - Level 3.2 Fighting
 + Level 7.9 Short Blades
 - Level 3.6 Armour
 - Level 3.6 Shields


You had 6 spell levels left.
You didn't know any spells.
Your spell library contained the following spells:

 Spells                   Type           Power      Damage    Failure   Level
 Blink                    Tloc           0%         N/A       58%         2
 Static Discharge         Conj/Air       0%         2-2/arc   58%         2
 Ignite Poison            Fire/Tmut/Pois 0%         N/A       83%         3
 Vhi's Electric Charge    Tloc/Air       0%         N/A       83%         3
 Manifold Assault         Tloc           0%         N/A       99%         4
 Sticky Flame             Conj/Fire      0%         2d3       99%         4
 Arcjolt                  Conj/Air       0%         1d10      100%        5
 Freezing Cloud           Conj/Ice/Air   0%         6-21      100%        5
 Lightning Bolt           Conj/Air       0%         1d11      100%        5
 Simulacrum               Ice/Necr       0%         N/A       100%        6
 Storm Form               Tmut/Air       0%         N/A       100%        7
 Ignition                 Fire           0%         3d3       100%        8
 Polar Vortex             Ice            0%         N/A       100%        9


Dungeon Overview and Level Annotations

Branches:
Dungeon (3/15) Zot: 721

Altars:

Shops:
D:2 *

Annotations:
D:3 1 runed translucent door, Grinder, Ijyb


Innate Abilities, Weirdness & Mutations

You passively map a small area around you.
You are easily found by Zot.
You glow in the dark.
You regain HP and MP as you explore.


Message History

Unknown command.
Unknown command.
Unknown command.
You barely miss Ijyb.
Ijyb is heavily wounded.
Ijyb hits you with a +0 club.
* * * LOW HITPOINT WARNING * * *
The grasping roots constrict you.
* * * LOW HITPOINT WARNING * * *
Unknown command.
You hit Ijyb.
Ijyb is severely wounded.
Ijyb hits you but does no damage. The grasping roots constrict you.
* * * LOW HITPOINT WARNING * * *
The grasping roots release their grip on you.
Unknown command.
Unknown command.
Unknown command.
You barely miss Ijyb.
Ijyb is severely wounded.
Unknown command.
Unknown command.
Unknown command.
You closely miss Ijyb.
Ijyb is severely wounded.
Ijyb hits you with a +0 club.
* * * LOW HITPOINT WARNING * * *
Unknown command.
Unknown command.
Unknown command.
Okay, then.
You feel better. Ijyb hits you with a +0 club.
* * * LOW HITPOINT WARNING * * *
Unknown command.
Unknown command.
You hit Ijyb but do no damage.
Ijyb is severely wounded.
Ijyb screams, "Me kill you!" Ijyb hits you with a +0 club.
You die...

#.....##.###.#######
#.....##.#.........#
#.>................#
##..#..............#######
####....###....[...........#
#####....#..# ##...............#
.......###..# #...............#
.....†.# #..# #.###############
.......#
#..####@#.....##########
.......#
##......g...............
.......#......##....##.##......#
.......#.#... ####.)#.##......#
.........#.., , ##†..........#
##########., ...##...#.......##
, , .., #........#......... .
#.................# , ,, *
#.....#'######.##.#


You could see Ijyb.

Vanquished Creatures
  Sigmund (D:3)
  The ghost of p00ps00p the Trooper, an amateur HOFi (D:3)
  A bullfrog (D:3)
  6 adders
  An orc (D:3)
  3 bats
  4 endoplasms
  A giant cockroach (D:1)
  4 goblins
  4 hobgoblins
  3 jackals
  A quokka (D:3)
  4 ball pythons (D:1)
  A frilled lizard (D:3)
  6 kobolds
  3 rats
44 creatures vanquished.

Notes
Turn   | Place    | Note
-------+----------+-------------------------------------------
     0 | D:1      | lunkers the Meteoran Fighter began the quest for the Orb.
     0 | D:1      | Reached XP level 1. HP: 19/19 MP: 2/2
    60 | D:1      | Reached XP level 2. HP: 26/26 MP: 3/3
    87 | D:1      | Reached skill level 3 in Short Blades
   320 | D:1      | Reached XP level 3. HP: 31/31 MP: 4/4
   412 | D:2      | Reached skill level 4 in Short Blades
   417 | D:2      | Reached XP level 4. HP: 16/38 MP: 5/5
   711 | D:2      | Found Liof's General Store.
   832 | D:3      | Found a runed translucent door.
   844 | D:3      | Noticed p00ps00p's ghost (amateur HOFi)
   844 | D:3      | Noticed a bullfrog
   859 | D:3      | Noticed Sigmund
   868 | D:3      | Killed Sigmund
   869 | D:3      | Reached skill level 6 in Short Blades
   869 | D:3      | Reached XP level 5. HP: 44/45 MP: 6/6
   869 | D:3      | Reached XP level 6. HP: 50/51 MP: 7/7
   909 | D:3      | Reached skill level 7 in Short Blades
   926 | D:3      | Killed p00ps00p's ghost
   927 | D:3      | Reached XP level 7. HP: 7/57 MP: 8/8
   931 | D:3      | Found a runed translucent door.
  1009 | D:3      | Noticed Grinder
  1022 | D:3      | Noticed Ijyb
  1101 | D:3      | HP: 1/57 [Ijyb/+0 club (5)]
  1103 | D:3      | Slain by Ijyb

Illustrated notes

Levels and vault maps discovered:
D:1:      amcnicky_arrival_double_pillar, layout_basic,
          chequers_ecumenical_altar_lobes, nicolae_eternal_life
D:2:      layout_loops_ring, serial_shops, nicolae_lakefront_shop
D:3:      layout_basic, ebering_ghost_sewer_f, uniq_grinder, uniq_ijyb,
          uniq_sigmund

Skill      XL: |  1  2  3  4  5  6 |
---------------+-------------------+-----
Short Blades   | 3 4 6 7 |  7.9
Fighting       | |  3.2
Armour         | |  3.6
Shields        | |  3.6

Action                   |  1- 3 |  4- 6 |  7- 9 || total
-------------------------+-------+-------+-------++-------
Melee: Rapier            |    21 |       |       ||    21
       Short sword       |    51 |    45 |    46 ||   142
Throw: Stone             |    15 |     4 |     4 ||    23
  Use: Potion            |       |     1 |     1 ||     2
       Scroll            |       |       |     2 ||     2
Armor: Scale mail        |    28 |    10 |       ||    38
       Robe              |       |       |    10 ||    10
Dodge: Dodged            |    18 |     9 |     4 ||    31
Block: Buckler           |    22 |     4 |     6 ||    32

Table legend: (Time is in decaauts)
 A = Elapsed time spent in this place.
 B = Non-inter-level travel time spent in this place.
 C = Inter-level travel time spent in this place.
 D = Time resting spent in this place.
 E = Time spent auto-exploring this place.
 F = Levels seen in this place.
 G = Mean time per level.
                   A        B        C        D        E       F      G
               +--------+--------+--------+--------+--------+-----+--------+
         Total |   1078 |   1016 |     62 |      0 |    548 |   3 |  359.3 |
       Dungeon |   1078 |   1016 |     62 |      0 |    548 |   3 |  359.3 |
               +--------+--------+--------+--------+--------+-----+--------+

Top non-repeatable levels by time:
     D:2: 456 daAuts
     D:1: 366 daAuts
     D:3: 255 daAuts
